[Event "22nd Hoogeveen Open 2018"]
[Site "Hoogeveen"]
[Date "2018.10.27"]
[Round "9"]
[White "Miedema, David"]
[Black "Rakshitta Ravi"]
[Result "1-0"]
[ECO "A14"]
[WhiteElo "2379"]
[BlackElo "2160"]
[Annotator "NA"]
[PlyCount "115"]
[EventDate "2018.10.20"]
[EventType "swiss"]
[EventCountry "NED"]
[SourceTitle "playchess.com"]
[Source "ChessBase"]
[SourceQuality "1"]
[TimeControl "40/5400+30:1800+30"]

1. Nf3 Nf6 2. c4 e6 3. g3 d5 4. Bg2 Be7 5. O-O O-O 6. b3 b6 7. Bb2 Bb7 8. d3 c5 9. cxd5 Nxd5 10. a3 Nc6 {[%emt 0:00:56] LiveBook: 5 Games} 11. e4 $146 {[%emt 0:01:40] A14: English Opening: 1...e6 with b3 by White} ({Predecessor:} 11. Ra2 Rc8 12. Nbd2 Bf6 13. Qa1 Bxb2 14. Qxb2 Qe7 15. Rc1 Rfd8 16. Nc4 Nd4 17. Raa1 Nf6 18. Nce5 Nxf3+ 19. Nxf3 {1-0 (48) Steczek,M (2350)-Seils,J (2327) Germany 2016}) 11... Nf6 12. e5 Nd5 13. d4 cxd4 14. Nxd4 Nxd4 15. Qxd4 Bc5 (15... Rc8 $5 16. Rd1 Rc2 $15) 16. Qg4 Rc8 17. b4 $2 {[%emt 0:09:44] [#]} (17. Nc3 $11 {und Weiss steht sicher.}) 17... Bxf2+ $2 ({Black should try} 17... Ne3 $1 $19 18. Qe2 (18. fxe3 Bxe3+) 18... Bxg2) 18. Rxf2 Ne3 19. Qe2 $1 Nxg2 20. Nc3 $1 Qg5 (20... b5 $5) 21. Rxg2 Bxg2 22. Kxg2 Rfd8 23. Ne4 Qg6 24. Rf1 Rc7 25. Kg1 h6 26. Rf2 Rd5 27. Nc3 Rd8 {[%emt 0:13:15] [#]} 28. Ne4 (28. Nb5 $1 $16 Rcd7 29. Nd6) 28... Rd5 {White should try} 29. a4 $16 Rcd7 30. Rf1 Rc7 31. b5 Kh7 32. Bc3 Rd8 $16 33. Rf3 Rdc8 34. Bd2 Rc2 35. Nd6 R8c7 36. Rf4 Ra2 37. Rd4 Qc2 38. Qe4+ Qxe4 39. Nxe4 Rcc2 40. Kf2 Kg6 41. Ke3 Ra3+ 42. Ke2 Rca2 43. Rd7 Rxa4 44. Nc3 R4a3 45. Nxa2 Rxa2 46. Kd3 Rb2 47. Kc4 Rc2+ 48. Kb4 Rb2+ 49. Kc4 Rc2+ 50. Bc3 Rxh2 51. Rxa7 Rg2 52. Rb7 Rxg3 53. Rxb6 h5 54. Rb8 Kh7 55. b6 h4 56. b7 h3 57. Rd8 Rg4+ 58. Kb3 1-0

[Event "22nd Hoogeveen Open 2018"]
[Site "Hoogeveen"]
[Date "2018.10.27"]
[Round "9"]
[White "Baskin, Robert"]
[Black "Guseinov, Gadir"]
[Result "0-1"]
[ECO "A49"]
[WhiteElo "2348"]
[BlackElo "2667"]
[Annotator "RC"]
[PlyCount "72"]
[EventDate "2018.10.20"]
[EventType "swiss"]
[EventCountry "NED"]
[SourceTitle "playchess.com"]
[Source "ChessBase"]
[SourceQuality "1"]
[TimeControl "40/5400+30:1800+30"]

1. d4 Nf6 2. Nf3 g6 3. g3 Bg7 4. Bg2 O-O 5. O-O d6 6. b3 c5 7. Bb2 Nc6 8. d5 Na5 9. c4 a6 10. Nbd2 b5 11. e4 Rb8 12. Bc3 e6 13. e5 Ng4 14. Ne4 b4 15. Bb2 Nb7 16. Qc1 Nxe5 17. Nxe5 dxe5 18. f4 f5 19. Ng5 e4 20. Rd1 exd5 21. cxd5 Bxb2 22. Qxb2 Qf6 23. Qc2 h6 24. Ne6 Bxe6 25. dxe6 Qxe6 26. Bf1 Kh8 27. Qb2+ Qf6 28. Qxf6+ Rxf6 29. Rd5 Rd6 30. Rad1 Rbd8 31. Rxd6 Rxd6 32. Rd3 Rxd3 33. Bxd3 g5 34. Kf2 gxf4 35. gxf4 Kg7 36. Ke3 Kf6 0-1

[Event "22nd Hoogeveen Open 2018"]
[Site "Hoogeveen"]
[Date "2018.10.27"]
[Round "9"]
[White "Bertholee, Rob"]
[Black "Ojas Kulkarni"]
[Result "0-1"]
[ECO "B02"]
[WhiteElo "2334"]
[BlackElo "2254"]
[Annotator "NA"]
[PlyCount "74"]
[EventDate "2018.10.20"]
[EventType "swiss"]
[EventCountry "NED"]
[SourceTitle "playchess.com"]
[Source "ChessBase"]
[SourceQuality "1"]
[TimeControl "40/5400+30:1800+30"]

1. e4 Nf6 2. e5 Nd5 3. c4 Nb6 4. c5 Nd5 5. Nc3 Nxc3 6. dxc3 e6 7. Qg4 {[%emt 0:01:30] LiveBook: 6 Games} f5 {[%emt 0:11:14] B02: Alekhine's Defence: Chase Variation and lines with early Nc3} (7... h5 $11 {remains equal.} 8. Qg3 g6) (7... Nc6 8. Nf3 f5 9. exf6 Qxf6 10. Bd3 g6 11. Bg5 Qg7 12. Be3 d6 13. cxd6 cxd6 14. O-O Be7 15. Bc4 e5 16. Qe4 Bd7 {½-½ (16) Ris,R (2415)-Adly,A (2593) Enschede 2008}) 8. Qg3 b6 9. Be2 Qe7 $1 $146 ({Predecessor:} 9... g6 10. Bf3 c6 11. Bg5 Be7 12. h4 bxc5 13. Ne2 Ba6 14. O-O-O Bxe2 15. Bxe2 {½-½ (42) Giacometto,M (1952)-Jennings,R (1767) Edinburgh 2015}) 10. Bh5+ g6 11. Bf3 Nc6 {[%emt 0:00:18] [#]} 12. Bxc6 $1 dxc6 13. Bg5 Qxc5 14. Bf6 (14. O-O-O $16) 14... Rg8 {[%emt 0:00:06] [#]} 15. O-O-O $1 Ba6 {[%emt 0:04:27] [#]} 16. Rd4 $1 Qa5 $2 (16... Rg7 $16) 17. Qf3 Bb5 18. Qd1 $2 ({White should play} 18. c4 $18) 18... c5 19. Rd8+ Kf7 20. Rd7+ Ke8 21. Rd8+ Kf7 22. Rxa8 Bh6+ 23. Kb1 Rxa8 24. Nf3 Bc6 25. h4 $15 Be4+ 26. Ka1 Bd5 27. a3 Qb5 28. h5 g5 29. Bxg5 Qc4 30. Qb1 Bxf3 31. Bxh6 Bxg2 32. Rg1 Rg8 33. b3 Qxc3+ 34. Ka2 c4 35. b4 Be4 36. Qd1 Qb3+ 37. Ka1 Qxa3# 0-1

[Event "22nd Hoogeveen Open 2018"]
[Site "Hoogeveen"]
[Date "2018.10.27"]
[Round "9"]
[White "Van Kooten, Luuk"]
[Black "Biermann, Lenhard"]
[Result "0-1"]
[ECO "C02"]
[WhiteElo "2320"]
[BlackElo "2153"]
[Annotator "NA"]
[PlyCount "58"]
[EventDate "2018.10.20"]
[EventType "swiss"]
[EventCountry "NED"]
[SourceTitle "playchess.com"]
[Source "ChessBase"]
[SourceQuality "1"]
[TimeControl "40/5400+30:1800+30"]

1. e4 e6 2. d4 d5 3. e5 c5 4. c3 Nc6 5. Nf3 Nh6 6. a3 {[%emt 0:00:53] C02: French: Advance Variation} (6. Bd3 cxd4 7. Bxh6 gxh6 8. cxd4 Bg7 9. O-O f6 10. Re1 O-O 11. Nbd2 Kh8 12. Rc1 fxe5 13. dxe5 Bd7 14. Nb3 {1-0 (62) Ding,L (2718)-Nguyen,N (2614) China 2013}) 6... f6 7. exf6 {[%emt 0:07:58] LiveBook: 3 Games} Qxf6 8. Bg5 Qf7 9. b4 cxd4 10. cxd4 Bd6 11. b5 Ne7 12. Bd3 O-O $146 ({Predecessor:} 12... Ng6 13. O-O O-O {0-1 (43) Szitas,G (2204)-Galyas,M (2457) Budapest 2009}) 13. Nbd2 Ng6 14. O-O Nf5 15. Qe2 h6 16. Be3 Bd7 17. Nb3 Rae8 18. Rac1 b6 19. Bd2 e5 20. dxe5 Bxe5 21. Nxe5 Nxe5 22. Bb4 $2 {[%emt 0:02:35] [#]} (22. Bc3 $1 $11 {and White has nothing to worry.} Nxd3 23. Qxd3) 22... Nh4 $1 23. Nd4 (23. Nd2 $142 Nxg2 24. Kxg2 (24. Bxf8 $2 Nf4 $19)) 23... Nef3+ 24. Nxf3 Rxe2 25. Bxe2 Re8 ({Auf keinen Fall} 25... Nxf3+ 26. Bxf3 Bxb5 27. Bxf8) 26. Rfe1 $19 (26. Nxh4 Rxe2 27. Rc7) 26... Rxe2 27. Rxe2 Nxf3+ 28. gxf3 Bh3 29. Rc6 Qxf3 0-1

[Event "22nd Hoogeveen Open 2018"]
[Site "Hoogeveen"]
[Date "2018.10.27"]
[Round "9"]
[White "De Jong, Migchiel"]
[Black "Ingebretsen, Jens E"]
[Result "1-0"]
[ECO "B40"]
[WhiteElo "2309"]
[BlackElo "2160"]
[Annotator "NA"]
[PlyCount "93"]
[EventDate "2018.10.20"]
[EventType "swiss"]
[EventCountry "NED"]
[SourceTitle "playchess.com"]
[Source "ChessBase"]
[SourceQuality "1"]
[TimeControl "40/5400+30:1800+30"]

1. e4 c5 2. Nf3 e6 3. g3 Nc6 4. Bg2 d5 5. exd5 {[%emt 0:00:20] B40: Sicilian: 2...e6, Unusual lines} exd5 6. d4 Nf6 7. O-O Be7 8. Nc3 (8. dxc5 O-O 9. Nbd2 Bxc5 10. Nb3 Bb6 11. c3 Ne4 12. Be3 Bxe3 13. fxe3 {½-½ (50) Tomashevsky,E (2716)-Najer,E (2679) Doha 2016}) 8... O-O 9. Be3 {[%emt 0:01:51] LiveBook: 5 Games} Bg4 10. h3 cxd4 11. Bxd4 Be6 12. Be3 Qd7 13. Kh2 Rfd8 $146 14. Nd4 Ne5 15. Nce2 Rac8 16. Nxe6 fxe6 17. Bxa7 Qc7 18. Bd4 Nc6 19. c3 e5 20. Be3 Kh8 21. Qb3 d4 (21... b5 $16 {is a better defense.}) 22. cxd4 exd4 23. Bf4 Bd6 24. Rad1 Be5 25. Bxe5 Qxe5 26. Rfe1 ({Weaker is} 26. Qxb7 Qxe2 27. Bxc6 Rb8 $14) 26... Qc5 (26... Qa5 {is a better defense.} 27. Qxb7 Rc7) 27. Nf4 Na5 28. Qa4 Nc4 (28... Qb6 $142 29. b4 Nc4) 29. Ne6 b5 30. Qb3 Qf5 31. Nxd8 Rxd8 32. Kg1 Qc5 33. Re2 h5 34. Qc2 Qd6 35. Qf5 d3 36. Re6 Qd4 37. Be4 Nd6 38. Rxd6 Rxd6 39. Bxd3 Qxb2 $18 40. Qc8+ Ng8 41. Qc5 Rh6 42. Bxb5 Qxa2 43. Rd8 Qb1+ 44. Kh2 h4 45. Qd5 hxg3+ 46. Kg2 Qh7 47. Bc4 1-0

[Event "22nd Hoogeveen Open 2018"]
[Site "Hoogeveen"]
[Date "2018.10.27"]
[Round "9"]
[White "Schippers, Maurice"]
[Black "De Boer, Eelke"]
[Result "0-1"]
[ECO "B91"]
[WhiteElo "2272"]
[BlackElo "2285"]
[Annotator "NA"]
[PlyCount "78"]
[EventDate "2018.10.20"]
[EventType "swiss"]
[EventCountry "NED"]
[SourceTitle "playchess.com"]
[Source "ChessBase"]
[SourceQuality "1"]
[TimeControl "40/5400+30:1800+30"]

1. e4 c5 2. Nf3 d6 3. d4 cxd4 4. Nxd4 Nf6 5. Nc3 a6 6. g3 g6 7. Bg2 Bg7 8. O-O O-O 9. a4 Nc6 {[%emt 0:03:51] B91: Sicilian Najdorf: 6 g3} 10. Nb3 {[%emt 0:04:14] LiveBook: 3 Games} (10. Nxc6 bxc6 11. e5 dxe5 12. Bxc6 Rb8 13. Qe2 Qd6 14. Bf3 Bf5 15. Rd1 Qc7 16. Qxa6 Bxc2 17. Re1 {0-1 (39) Deepan Chakkravarthy,J (2519)-Paravyan,D (2638) Pardubice 2018}) 10... Bg4 11. f3 Be6 12. Nd5 Bxd5 $146 ({Predecessor:} 12... Rc8 13. c3 Bxd5 14. exd5 Na5 15. Nxa5 Qxa5 16. f4 Qc5+ 17. Kh1 {½-½ (28) Gueroff,E-Huebner,W Germany 1994}) 13. exd5 Nb4 14. f4 $1 Rc8 15. c3 Qb6+ 16. Kh1 $1 Nd3 $1 17. Qxd3 Qxb3 18. Re1 Rfe8 19. Ra3 Qb6 20. a5 Qc7 21. Be3 Nd7 22. Bh3 Rb8 23. b4 b5 $1 24. axb6 Nxb6 25. Bf2 Ra8 26. Bf1 $16 Rec8 27. Bxb6 Qxb6 28. Rxe7 a5 29. bxa5 Rxa5 30. Rxa5 Qxa5 31. c4 Bf6 32. Rd7 Qc5 33. Kg2 Rb8 34. Be2 Kf8 35. f5 Ke8 36. fxg6 Kxd7 37. Qf5+ Ke7 38. gxf7 Qe3 39. Bg4 Qd2+ 0-1

[Event "22nd Hoogeveen Open 2018"]
[Site "Hoogeveen"]
[Date "2018.10.27"]
[Round "9"]
[White "Elgersma, Simon"]
[Black "Van Foreest, Machteld"]
[Result "1/2-1/2"]
[ECO "C11"]
[WhiteElo "2237"]
[BlackElo "1934"]
[Annotator "NA"]
[PlyCount "86"]
[EventDate "2018.10.20"]
[EventType "swiss"]
[EventCountry "NED"]
[SourceTitle "playchess.com"]
[Source "ChessBase"]
[SourceQuality "1"]
[TimeControl "40/5400+30:1800+30"]

1. e4 e6 2. d4 d5 3. Nc3 Nf6 4. e5 Nfd7 5. f4 c5 6. Nf3 Nc6 7. Be3 a6 8. Ne2 {[%emt 0:00:06] C11: French: Classical System: 4 e5 and 4 Bg5 dxe4} b5 9. c3 {[%emt 0:00:34] LiveBook: 5 Games} (9. g3 Qa5+ 10. Kf2 Be7 11. h4 O-O 12. c3 b4 13. Qc2 bxc3 14. bxc3 f5 15. Nc1 Rb8 {½-½ (40) Bacrot,E (2678)-McShane,L (2672) Batumi 2018}) 9... Rb8 10. g3 b4 11. cxb4 $146 ({Predecessor:} 11. Bh3 Be7 12. O-O bxc3 13. bxc3 Nb6 14. Nd2 Na5 {0-1 (32) Ringoir,G (1960)-Mainka,R (2457) Bad Zwesten 2006}) 11... cxd4 12. Nexd4 Bxb4+ 13. Kf2 Nxd4 14. Bxd4 Bc5 15. b3 Qb6 16. Rc1 a5 (16... O-O $11 {keeps the balance.}) 17. Kg2 Bxd4 18. Nxd4 Ba6 (18... O-O $14) 19. Rc6 Bxf1+ 20. Rxf1 Qb4 (20... Qb7 $142 21. Qd2 O-O) 21. a3 Qb7 22. Qh5 $2 (22. Qd2 $18) 22... O-O $16 23. Rfc1 Rfc8 24. f5 g6 25. fxg6 hxg6 26. Qg5 Nf8 27. h4 Nh7 28. Qg4 Rxc6 29. Rxc6 Rc8 30. Rd6 a4 31. h5 axb3 32. hxg6 b2 33. gxh7+ Kh8 34. Qg5 b1=Q 35. Qf6+ Kxh7 36. Qh4+ Kg8 37. Rd8+ Rxd8 38. Qxd8+ Kg7 39. Qf6+ Kh7 40. Qh4+ Kg6 41. Qf6+ Kh5 42. Qh4+ Kg6 43. Qf6+ Kh7 1/2-1/2

[Event "22nd Hoogeveen Open 2018"]
[Site "Hoogeveen"]
[Date "2018.10.27"]
[Round "9"]
[White "Elgersma, Onno"]
[Black "Vroombout, Enrico"]
[Result "1/2-1/2"]
[ECO "B90"]
[WhiteElo "2223"]
[BlackElo "2132"]
[Annotator "NA"]
[PlyCount "106"]
[EventDate "2018.10.20"]
[EventType "swiss"]
[EventCountry "NED"]
[SourceTitle "playchess.com"]
[Source "ChessBase"]
[SourceQuality "1"]
[TimeControl "40/5400+30:1800+30"]

1. e4 c5 2. Nf3 d6 3. d4 cxd4 4. Nxd4 Nf6 5. Nc3 a6 6. h3 g6 7. g4 Bg7 8. Be3 {[%emt 0:00:38] B90: Sicilian Najdorf: Unusual White 6th moves, 6 Be3 Ng4 and 6 Be3 e5} O-O 9. Qd2 b5 {[%emt 0:02:06] LiveBook: 5 Games} 10. Bg2 Bb7 11. O-O (11. a3 Nbd7 12. g5 Nh5 13. Bf3 Ne5 14. Bxh5 gxh5 15. O-O-O Rc8 {0-1 (41) Xiong,J (2656)-Shankland,S (2717) Montevideo 2018}) 11... Qc7 12. a4 $146 e5 13. Nde2 (13. Nb3 $11) 13... b4 14. Nd5 Bxd5 15. exd5 Nbd7 16. a5 Rfc8 17. Rfc1 Qc4 18. Ra4 $16 Rab8 19. c3 Qb5 20. Rxb4 Qxa5 21. g5 Ne8 22. Rxb8 Rxb8 23. b4 Qa4 24. Qb2 a5 25. Ra1 Qb5 26. Rb1 Qc4 27. Ng3 f5 28. gxf6 Nexf6 29. Qb3 Qxb3 30. Rxb3 axb4 31. cxb4 Rb5 32. Ne4 Nxe4 33. Bxe4 Nc5 34. Bxc5 dxc5 35. d6 Rxb4 36. d7 Bf6 37. Bd5+ Kg7 38. Rc3 Rb5 39. Bc6 Ra5 40. Rf3 Ra1+ 41. Kg2 Rd1 42. Rc3 Be7 43. Ra3 Rd6 44. Bb5 Kf6 45. Ra8 Kf5 46. Re8 Bh4 47. Rc8 Rd2 48. Rf8+ Ke6 49. Re8+ Kf7 50. Rxe5 Rxf2+ 51. Kh1 Rc2 52. Rd5 Bd8 53. Re5 Be7 1/2-1/2

[Event "22nd Hoogeveen Open 2018"]
[Site "Hoogeveen"]
[Date "2018.10.27"]
[Round "9"]
[White "Konings, Frans"]
[Black "Sparenberg, Erik"]
[Result "1-0"]
[ECO "D45"]
[WhiteElo "2195"]
[BlackElo "2224"]
[Annotator "NA"]
[PlyCount "101"]
[EventDate "2018.10.20"]
[EventType "swiss"]
[EventCountry "NED"]
[SourceTitle "playchess.com"]
[Source "ChessBase"]
[SourceQuality "1"]
[TimeControl "40/5400+30:1800+30"]

1. c4 Nf6 2. d4 c6 3. Nf3 d5 4. e3 e6 5. Nc3 Nbd7 6. Qc2 Be7 7. b3 O-O 8. Bd3 b6 9. O-O {[%emt 0:02:04] D45: Semi-Slav: 5 e3} Bb7 {[%emt 0:00:12] LiveBook: 155 Partien} 10. Rd1 (10. Bb2 h6 11. Rad1 Qc7 12. Qe2 Rad8 13. Rfe1 Rfe8 14. Bb1 Bf8 15. Ne5 dxc4 16. Nxd7 Rxd7 17. bxc4 c5 18. d5 exd5 19. Nxd5 Nxd5 20. cxd5 {0-1 (29) Gelfand,B (2703)-Ivanchuk,V (2710) Jerusalem 2018}) 10... c5 11. Bb2 cxd4 12. Nxd4 Ne5 $146 ({Predecessor:} 12... Rc8 13. e4 dxc4 14. Bxc4 Qc7 15. f3 Bd6 16. g3 Qb8 17. Kh1 Ne5 18. Be2 Bb4 19. a3 Bxc3 20. Bxc3 Neg4 21. Rdc1 Nxe4 22. Qb2 Nxg3+ {0-1 (22) Schlichtmann,G (2213)-Krause,T (2186) Oldenburg 2000}) 13. Be2 Rc8 14. Rac1 Bd6 15. h3 a6 ({Of course not} 15... dxc4 $6 16. Ndb5 $16) 16. Nf3 Qc7 (16... Qe7 $11 {keeps the balance.}) 17. Qd2 Qe7 18. cxd5 exd5 19. Nd4 Bb4 20. Nf5 Qe6 21. Ng3 Ne4 22. Ngxe4 dxe4 23. a3 Be7 24. Nd5 Rxc1 25. Nxe7+ $16 ({Much weaker is} 25. Bxc1 Bg5 $11) 25... Qxe7 26. Rxc1 Qg5 27. h4 Qf5 28. Qd4 f6 29. Rc7 Ba8 30. Bc4+ Nxc4 31. bxc4 Qe6 32. h5 h6 33. Rd7 Qg4 34. Bc3 Qxh5 35. Qxb6 Qg4 36. Qd6 h5 37. Bb4 Rc8 38. c5 Bc6 39. Re7 h4 40. Kh2 Qf5 41. Bc3 h3 42. Qg3 g5 43. Qxh3 Qxh3+ 44. gxh3 f5 45. Rg7+ Kf8 46. Rxg5 Bd7 47. Bd4 Rc6 48. h4 Rc8 49. h5 Rc6 50. Kg3 Kf7 51. Rg7+ 1-0

[Event "22nd Hoogeveen Open 2018"]
[Site "Hoogeveen"]
[Date "2018.10.27"]
[Round "9"]
[White "Damen, Jip"]
[Black "Van Delft, Merijn"]
[Result "1/2-1/2"]
[ECO "E63"]
[WhiteElo "2192"]
[BlackElo "2381"]
[Annotator "NA"]
[PlyCount "97"]
[EventDate "2018.10.20"]
[EventType "swiss"]
[EventCountry "NED"]
[SourceTitle "playchess.com"]
[Source "ChessBase"]
[SourceQuality "1"]
[TimeControl "40/5400+30:1800+30"]

1. c4 Nf6 2. Nc3 g6 3. g3 Bg7 4. Bg2 O-O 5. Nf3 d6 6. O-O Nc6 7. d4 a6 8. b3 Rb8 9. Nd5 Bg4 10. Bb2 {[%emt 0:01:29] E63: King's Indian: Fianchetto: Panno Variation with 7...a6} (10. Nxf6+ Bxf6 11. Bb2 Qc8 12. Qd2 Qf5 13. Rac1 Bxf3 14. exf3 e6 15. h4 Bg7 16. d5 Bxb2 17. Qxb2 exd5 18. cxd5 Qxd5 {½-½ (62) Swiercz,D (2669)-Neef,M (2463) Barcelona 2018}) 10... Nxd5 11. cxd5 Nb4 {[%emt 0:00:06] LiveBook: 21 Games} 12. h3 Bd7 13. e4 a5 14. a3 Na6 15. Qd2 $146 ({Predecessor:} 15. Qe2 $14 c6 16. dxc6 Bxc6 17. Rac1 Qb6 {½-½ (46) Vasilev,M (2480)-Safranska,A (2307) Pontevedra 2003}) 15... c6 16. dxc6 bxc6 17. Bc3 Rxb3 18. Bxa5 Qb8 19. Qc2 c5 20. Rab1 Ba4 21. Rxb3 Qxb3 22. Qxb3 Bxb3 23. Rb1 Bc4 24. Nd2 Bd3 25. Rb3 c4 26. Rb6 Rb8 27. Bf1 Bxf1 28. Kxf1 Bxd4 29. Rxb8+ Nxb8 30. Nxc4 f5 31. exf5 gxf5 32. g4 Kf7 33. Ke2 Nc6 34. Bd2 fxg4 35. hxg4 Ke6 36. f4 Bc5 37. a4 Kd5 38. Kd3 Nb4+ $16 (38... e5 $11) 39. Bxb4 Bxb4 40. Ne3+ Kc6 41. f5 d5 42. g5 e5 43. fxe6 Be7 44. Nf5 Bxg5 45. e7 Bxe7 46. Nxe7+ Kc5 47. a5 Kb5 48. Nxd5 Kxa5 49. Ke4 1/2-1/2

[Event "22nd Hoogeveen Open 2018"]
[Site "Hoogeveen"]
[Date "2018.10.27"]
[Round "9"]
[White "Giacomini, Hector"]
[Black "Kuipers, Stefan"]
[Result "0-1"]
[ECO "D44"]
[WhiteElo "2178"]
[BlackElo "2467"]
[Annotator "ChessBase"]
[PlyCount "68"]
[EventDate "2018.10.20"]
[EventType "swiss"]
[EventCountry "NED"]
[SourceTitle "playchess.com"]
[Source "ChessBase"]
[SourceQuality "1"]
[TimeControl "40/5400+30:1800+30"]

1. d4 d5 2. Nf3 Nf6 3. c4 c6 4. Nc3 e6 5. Bg5 dxc4 6. e4 b5 7. e5 h6 8. Bh4 g5 9. Nxg5 hxg5 10. Bxg5 Nbd7 11. exf6 Qa5 12. g3 b4 13. Ne4 Ba6 14. Be2 Qf5 15. f3 O-O-O 16. Qa4 Kb7 17. O-O-O Nb6 18. Qc2 Qa5 19. Kb1 Bb5 20. Rd2 c3 21. Bxb5 Qxb5 22. Rd3 cxb2 23. Kxb2 c5 24. Rc1 c4 25. Rdd1 a5 26. h4 Rd7 27. Ka1 b3 28. axb3 cxb3 29. Qf2 Nc4 30. Rxc4 Qxc4 31. Kb1 Ba3 32. Bc1 Rxd4 33. Re1 Qd3+ 34. Ka1 Ra4 0-1

[Event "22nd Hoogeveen Open 2018"]
[Site "Hoogeveen"]
[Date "2018.10.27"]
[Round "9"]
[White "Clemens, Adrian"]
[Black "Murray, David"]
[Result "1/2-1/2"]
[ECO "A57"]
[WhiteElo "2153"]
[BlackElo "2222"]
[Annotator "NA"]
[PlyCount "104"]
[EventDate "2018.10.20"]
[EventType "swiss"]
[EventCountry "NED"]
[SourceTitle "playchess.com"]
[Source "ChessBase"]
[SourceQuality "1"]
[TimeControl "40/5400+30:1800+30"]

1. d4 Nf6 2. c4 c5 3. d5 b5 4. Qc2 b4 5. e4 d6 6. Nf3 g6 {[%emt 0:00:38] LiveBook: 27 Games} 7. b3 {[%emt 0:00:26] A57: Benko/Volga Gambit} (7. Bd3 Bg7 8. h3 O-O 9. Bg5 a5 10. Nbd2 e5 11. g4 a4 12. Ke2 h6 13. Bh4 g5 14. Bg3 Re8 15. Nf1 Nbd7 16. Ne3 Nf8 17. Qd2 Ng6 18. Rag1 {½-½ (18) Akobian,V (2632)-Ramirez,A (2587) Arlington 2015}) 7... Nxe4 $1 8. Bb2 ({Not} 8. Qxe4 $2 Bg7 $19) 8... Nf6 9. Bd3 Bg7 10. O-O O-O 11. Nbd2 a5 $146 ({Predecessor:} 11... Qc7 12. Rfe1 e5 13. dxe6 fxe6 {1-0 (44) Pogan,N (2144)-Schmidt,O (2182) Stuttgart 2010}) 12. a4 e5 13. dxe6 fxe6 14. Ne4 Nc6 15. Nxf6+ Bxf6 16. Be4 Ra6 17. Rad1 Ne7 18. Ne5 Qc7 19. Ng4 Bxb2 20. Qxb2 e5 21. Ne3 (21. h3 $11 {remains equal.}) 21... Bb7 22. Bd5+ Bxd5 23. Nxd5 Nxd5 24. Rxd5 Rf4 25. Rfd1 Rd4 26. Qe2 Qf7 27. Rd3 $15 Qf6 28. h3 Ra8 29. f4 Rxd5 30. Rxd5 exf4 31. Qd3 Rd8 32. Qd1 Kf7 33. Rd3 Qe5 34. Qf3 Re8 35. Qc6 Re7 36. Qxd6 Qxd6 37. Rxd6 Re3 38. Ra6 Rxb3 39. Rxa5 Ra3 40. Rxc5 Ke6 41. a5 b3 42. Rb5 g5 43. a6 Rxa6 44. Rxb3 Rc6 45. g3 Rxc4 46. gxf4 gxf4 47. Kg2 Kf5 48. Kf3 Re4 49. Ra3 Re5 50. h4 Rb5 51. Rc3 Ra5 52. Rb3 Rc5 {[%emt 0:00:14] Ke4+ [%emt 00:00:18] Ke5+ [%emt 00:00:01]} 1/2-1/2

[Event "22nd Hoogeveen Open 2018"]
[Site "Hoogeveen"]
[Date "2018.10.27"]
[Round "9"]
[White "Pham, Khoi"]
[Black "Winkels, Marcel"]
[Result "0-1"]
[ECO "D44"]
[WhiteElo "2153"]
[BlackElo "1935"]
[Annotator "NA"]
[PlyCount "76"]
[EventDate "2018.10.20"]
[EventType "swiss"]
[EventCountry "NED"]
[SourceTitle "playchess.com"]
[Source "ChessBase"]
[SourceQuality "1"]
[TimeControl "40/5400+30:1800+30"]

1. d4 d5 2. Nf3 Nf6 3. c4 c6 4. Nc3 e6 5. Bg5 dxc4 6. e4 b5 7. e5 h6 8. Bh4 g5 9. exf6 gxh4 10. Be2 (10. Ne5 $15 Qxf6 11. a4) 10... Qxf6 11. Ne5 Nd7 12. Nxc6 Bb7 {[%emt 0:16:07] D44: Semi-Slav: Botvinnik System} 13. Bf3 {[%emt 0:07:08] [#]} a6 $1 {[%emt 0:07:45] LiveBook: 16 Games} 14. O-O Rc8 15. Nd5 Qg5 16. Ndb4 $146 ({Predecessor:} 16. Na7 exd5 17. Nxc8 Bxc8 18. Re1+ Kd8 19. b3 Bd6 20. bxc4 dxc4 {0-1 (36) Bergez,L (2395)-Banusz,T (2450) Budapest 2006}) 16... Bxb4 (16... Qf5 $19 {has better winning chances.} 17. Bg4 Qf4) 17. Nxb4 Bxf3 18. Qxf3 O-O 19. Nxa6 Kh8 20. h3 Rg8 21. Rae1 Rg7 22. Re4 Qd5 (22... Nf6 $15 23. Re5 Qg6) 23. Nb4 $11 Qa8 24. d5 Rcg8 25. Rxh4 Rxg2+ 26. Kh1 Qf8 27. Rg4 R2xg4 28. hxg4 Qxb4 29. Qxf7 Rg7 30. Qxe6 Qe7 31. f3 Qxe6 32. dxe6 Nc5 33. Re1 Re7 34. Re5 Nd3 35. Rxb5 Rxe6 36. Kg2 Re2+ 37. Kg3 Rxb2 38. Rh5 c3 0-1

[Event "22nd Hoogeveen Open 2018"]
[Site "Hoogeveen"]
[Date "2018.10.27"]
[Round "9"]
[White "Hoffman, Ron"]
[Black "Van Dorp, Folke"]
[Result "1-0"]
[ECO "A16"]
[WhiteElo "2060"]
[BlackElo "2097"]
[Annotator "NA"]
[PlyCount "81"]
[EventDate "2018.10.20"]
[EventType "swiss"]
[EventCountry "NED"]
[SourceTitle "playchess.com"]
[Source "ChessBase"]
[SourceQuality "1"]
[TimeControl "40/5400+30:1800+30"]

1. Nf3 Nf6 2. c4 g6 3. Nc3 Bg7 4. g3 d6 5. Bg2 O-O 6. O-O Nc6 7. Rb1 Na5 {[%emt 0:06:21] A16: Englische Eröffnung} (7... e5 8. b4 Be6 9. d3 h6 10. b5 Ne7 11. a4 Qd7 12. Ba3 Rfe8 13. Nd2 Rab8 14. a5 b6 15. Nde4 Nh7 16. axb6 axb6 17. Bb2 f5 18. Nd2 Nf6 19. Ra1 d5 20. cxd5 Nexd5 21. Nxd5 Bxd5 22. Bxd5+ Qxd5 {1-0 (74) Nepomniachtchi,I (2705)-Nakamura,H (2816) Baku 2015}) 8. d3 c5 9. a3 Nc6 10. b4 Nd7 11. Nd5 e6 12. Nf4 $146 ({Vorgänger:} 12. Ne3 f5 13. Bb2 Nd4 14. bxc5 dxc5 15. Nc2 Nxc2 16. Bxg7 Kxg7 17. Qxc2 {½-½ (23) Opio Odongo,S-Buti,R Kampala 2011}) 12... Rb8 13. b5 Nd4 14. Nxd4 Bxd4 15. e3 Bg7 16. Bb2 Bxb2 17. Rxb2 Qf6 18. d4 Nb6 19. Rc2 Rd8 20. Qa1 cxd4 21. exd4 g5 $16 22. Ne2 d5 23. c5 Nc4 24. a4 Rf8 25. Qc3 Bd7 26. f4 a6 27. Qb3 axb5 28. axb5 Ra8 29. Rxc4 dxc4 30. Qxc4 Bc8 31. Nc3 Rd8 32. d5 exd5 33. Nxd5 Rxd5 34. Bxd5 gxf4 35. Qxf4 Qxf4 36. Rxf4 Bh3 37. Rxf7 Kh8 38. Rxb7 Rd8 39. Be4 Rd1+ 40. Kf2 Rf1+ 41. Ke2 1-0